 Dungeon Crawl Stone Soup version 0.28-b1-25-g9875b3fc8c (webtiles) character file.

Game seed: 6677986490180947501

13284 HammerPanzer the Bludgeoner (level 11, 0/82 HPs)
             Began as a Minotaur Berserker on Feb 4, 2022.
             Was a High Priest of Trog.
             Slain by a centaur warrior zombie (6 damage)
             ... on level 10 of the Dungeon.
             The game lasted 00:27:04 (9091 turns).

HammerPanzer the Bludgeoner (Minotaur Berserker)    Turns: 9091, Time: 00:27:04

Health: 0/82       AC: 13    Str: 23    XL:     11   Next: 73%
Magic:  10/10      EV:  9    Int:  6    God:    Trog [*****.]
Gold:   630        SH:  6    Dex: 11    Spells: 10/10 levels left

rFire   . . .      SeeInvis .   h - +2 flail (protect)
rCold   . . .      Faith    .   y - +0 kite shield
rNeg    . . .      Spirit   .   b - +0 plate armour
rPois   .          Reflect  .   (helmet restricted)
rElec   .          Harm     .   k - +1 cloak
rCorr   .          Rampage  .   (no gloves)
Will    .....                   (no boots)
Stlth   ..........              d - amulet of regeneration
HPRegen 1.03/turn               u - +4 ring of evasion
MPRegen 0.12/turn               (no ring)

@: no status effects
A: horns 2, retaliatory headbutt
a: Renounce Religion, Berserk, Trog's Hand, Brothers in Arms


You were on level 10 of the Dungeon.
You worshipped Trog.
Trog was extremely pleased with you.
You visited 1 branch of the dungeon, and saw 10 of its levels.
You also visited: Bailey.

You collected 630 gold pieces.

Inventory:

Hand Weapons
 f - a +5 great sword of freezing
 h - a +2 flail of protection (weapon)
Armour
 b - a +0 plate armour (worn)
 k - a +1 cloak (worn)
 l - a +2 leather armour of poison resistance
 s - +2 acid dragon scales
 v - +0 steam dragon scales
 x - a +1 scale mail of fire resistance
 y - a +0 kite shield (worn)
Jewellery
 d - an amulet of regeneration (around neck)
 r - a +6 ring of intelligence
 t - a ring of resist corrosion
 u - a +4 ring of evasion (left hand)
Wands
 a - a wand of iceblast (31)
 n - a wand of acid (7)
 p - a wand of paralysis (1)
 z - a wand of flame (4)
Scrolls
 c - 3 scrolls of fog
 e - a scroll of teleportation
 m - 5 scrolls of enchant weapon
 o - 2 scrolls of enchant armour
 q - 3 scrolls of identify
 w - a scroll of acquirement
 A - a scroll of torment {unknown}
Potions
 g - a potion of flight
 i - 4 potions of cancellation
 j - 2 potions of mutation


   Skills:
 - Level 3.6 Fighting
 + Level 9.2 Long Blades
 * Level 20.2 Maces & Flails
 - Level 2.4 Armour
 - Level 2.1 Dodging


You had 10 spell levels left.
You didn't know any spells.
Your spell library was empty.

Dungeon Overview and Level Annotations

Branches:
Dungeon (10/15)            Temple (0/1) D:6            Lair (0/6) D:10
 Bailey (visited)
    Orc: D:9-12

Altars:
Ashenzari
Dithmenos
Fedhas
Gozag
Kikubaaqudgha
Makhleb
Nemelex Xobeh
Uskayaw
Vehumet
Wu Jian
Xom
Yredelemnul
The Shining One

Annotations:
D:5 Grinder


Innate Abilities, Weirdness & Mutations

You have a pair of horns on your head.
You reflexively headbutt those who attack you in melee.


Message History

The centaur warrior zombie kicks you but does no damage.
The water moccasin barely misses you.
You block the centaur warrior zombie's attack.
The centaur warrior zombie kicks you but does no damage.
Okay, then.
As you read the scroll of teleportation, it crumbles to dust.
You feel strangely unstable.
You feel very sick.
The water moccasin bites you but does no damage.
The centaur warrior zombie hits you.
* * * LOW HITPOINT WARNING * * *
The centaur warrior zombie closely misses you.
You feel very sick.
The water moccasin bites you but does no damage.
You feel sick. The centaur warrior zombie hits you.
* * * LOW HITPOINT WARNING * * *
The centaur warrior zombie kicks you but does no damage.
You feel sick. The water moccasin closely misses you.
The water moccasin bites you but does no damage.
Your surroundings seem slightly different.
You feel sick.
You feel sick.
You feel sick.
You feel sick.
Found a potion of mutation.
You feel sick.
The teleport trap disappears.
The water moccasin disappears!
You feel sick.
You feel sick.
You are no longer poisoned.
The troll shouts!
Found an escape hatch in the floor.
The centaur warrior zombie hits you!
* * * LOW HITPOINT WARNING * * *
The centaur warrior zombie kicks you but does no damage.
The centaur warrior zombie hits you but does no damage.
The centaur warrior zombie barely misses you.
There is an escape hatch in the floor here.
You can't go up here!
The centaur warrior zombie hits you.
You die...

#.#.########.# #)# #.#.#
####.####)#
##.#.#####.......#.##### .
#........#.# #.......#''
#....###.#.# ##.#..##....
#...## #...# #.......# ##
#...# #..# #.....#.# #...#
#..####.....#.####
####...#####@Z.T....>........
#............###.#....##.####
#.##.(.#########.#........###
#.#................P........#
#.#....##.##T#####........♣..
#.#....##.##.#.....P..P......
#.###...T......#..§...♣...P..
#.# ..##.##.#.#....♣.♣...P..
#.# ..## #.#.#.............


You could see a troll and a centaur warrior zombie.

Vanquished Creatures
  The ghost of mandor the Slicer, a journeyman GnWr of Okawaru (D:9)
  A two-headed ogre (D:8)
  An orc high priest (Bailey)
  2 orc knights (Bailey)
  Joseph (D:7)
  3 kobold demonologists
  A troll (D:9)
  A hornet (D:9)
  3 wyverns (D:10)
  21 yaks
  2 steam dragons
  Grum (D:10)
  An acid dragon (D:7)
  5 water moccasins
  10 orc warriors
  A black bear (D:7)
  2 ice beasts
  2 sky beasts (D:6)
  A necrophage (D:7)
  4 ogres
  2 wolves (D:10)
  3 centaurs
  2 phantoms
  2 kobold brigands
  A bullfrog (D:9)
  A gnoll sergeant (D:9)
  A scorpion (D:6)
  4 wights (D:8)
  A howler monkey (D:6)
  5 electric eels (Bailey)
  5 jellies
  A bullfrog zombie (D:7)
  2 hounds
  3 centaur zombies
  A bullfrog skeleton (D:5)
  2 gnoll shamans
  5 orc priests
  A centaur skeleton (D:7)
  Jessica (D:2)
  3 iguanas
  7 orc wizards
  The ghost of MisterFreud the Cudgeller, a weakling TrBe of Trog (D:6)
  30 gnolls
  5 adders
  A howler monkey skeleton (D:5)
  An adder skeleton (D:4)
  A worm (D:2)
  2 dart slugs
  22 orcs
  6 bats
  15 endoplasms
  2 giant cockroaches
  19 goblins
  6 hobgoblins
  5 quokkas
  4 ball pythons
  4 frilled lizards
  21 kobolds
  4 rats
266 creatures vanquished.

Vanquished Creatures (others)
  A draconian (D:1)
  A gargoyle (D:1)
  2 vine stalkers (D:1)
  An elf (D:1)
  A troll (D:1)
  2 formicids (D:1)
  A spriggan (D:1)
  A naga (D:1)
  A dwarf (D:1)
  A tengu (D:1)
  6 fungi
  15 plants (D:10)
  16 tentacles (D:1)
  7 toadstools (D:3)
56 creatures vanquished.

Grand Total: 322 creatures vanquished

Notes
Turn   | Place    | Note
-------+----------+-------------------------------------------
     0 | D:1      | HammerPanzer the Minotaur Berserker began the quest for the
                  | Orb.
     0 | D:1      | Reached XP level 1. HP: 19/19 MP: 0/0
     0 | D:1      | Noticed a formicid
     0 | D:1      | Noticed a vine stalker
     0 | D:1      | Noticed a dwarf
     0 | D:1      | Noticed a naga
     0 | D:1      | Noticed a spriggan
     0 | D:1      | Noticed a kraken
     0 | D:1      | Noticed an elf
     0 | D:1      | Noticed a formicid
     0 | D:1      | Noticed a gargoyle
     0 | D:1      | Noticed a draconian
     0 | D:1      | Noticed a troll
     0 | D:1      | Noticed a vine stalker
     0 | D:1      | Noticed a tengu
     3 | D:1      | Killed a tengu
     5 | D:1      | Killed a naga
     5 | D:1      | Killed a formicid
     7 | D:1      | Killed a vine stalker
     9 | D:1      | Killed a spriggan
    13 | D:1      | Killed a gargoyle
    16 | D:1      | Killed a vine stalker
    19 | D:1      | Killed a draconian
    20 | D:1      | Killed a dwarf
    26 | D:1      | Killed an elf
    26 | D:1      | Killed a troll
    28 | D:1      | Killed a formicid
   149 | D:1      | Reached skill level 4 in Maces & Flails
   575 | D:1      | Reached XP level 2. HP: 26/26 MP: 1/1
  1080 | D:2      | Noticed Jessica
  1081 | D:2      | Noticed a floating eye
  1082 | D:2      | Found a faded altar of an unknown god.
  1087 | D:2      | Killed Jessica
  1088 | D:2      | Reached skill level 5 in Maces & Flails
  1088 | D:2      | Reached XP level 3. HP: 31/31 MP: 2/2
  1518 | D:2      | Noticed a golden eye
  1537 | D:2      | Noticed a golden eye
  1546 | D:2      | Noticed a floating eye
  1932 | D:3      | Reached ** piety under Trog
  1935 | D:3      | Reached skill level 6 in Maces & Flails
  1935 | D:3      | Reached XP level 4. HP: 32/39 MP: 3/3
  1947 | D:3      | Found a hide-covered altar of Uskayaw.
  2096 | D:3      | Reached skill level 7 in Maces & Flails
  2096 | D:3      | Reached XP level 5. HP: 34/45 MP: 4/4
  2438 | D:3      | Found a shadowy altar of Dithmenos.
  2707 | D:4      | Reached *** piety under Trog
  2712 | D:4      | Found a radiant altar of Vehumet.
  3142 | D:5      | Entered Level 5 of the Dungeon
  3231 | D:5      | Reached skill level 8 in Maces & Flails
  3266 | D:5      | Reached XP level 6. HP: 50/51 MP: 5/5
  3267 | D:5      | Noticed Grinder
  3404 | D:5      | Noticed a water moccasin
  3414 | D:5      | Killed a water moccasin
  3499 | D:5      | Reached skill level 9 in Maces & Flails
  3513 | D:5      | Reached XP level 7. HP: 50/57 MP: 6/6
  3521 | D:5      | Found an ornate altar of the Wu Jian Council.
  3878 | D:5      | Reached skill level 10 in Maces & Flails
  4301 | D:6      | Reached skill level 11 in Maces & Flails
  4404 | D:6      | Found a runed translucent door.
  4422 | D:6      | Noticed MisterFreud's ghost (weakling TrBe)
  4474 | D:6      | Killed MisterFreud's ghost
  4542 | D:6      | Noticed a kobold demonologist
  4580 | D:6      | Reached XP level 8. HP: 64/64 MP: 7/7
  4589 | D:6      | Noticed a red devil
  4590 | D:6      | Reached skill level 12 in Maces & Flails
  4590 | D:6      | Noticed an ice devil
  4868 | D:6      | Noticed a rust devil
  4870 | D:6      | Killed a kobold demonologist
  4871 | D:6      | Reached skill level 13 in Maces & Flails
  4897 | D:6      | Found a staircase to the Ecumenical Temple.
  5037 | D:6      | Reached skill level 14 in Maces & Flails
  5326 | D:7      | Reached **** piety under Trog
  5467 | D:7      | Reached XP level 9. HP: 59/70 MP: 8/8
  5708 | D:7      | Found a sparkling altar of Nemelex Xobeh.
  5937 | D:7      | Found a blossoming altar of Fedhas.
  6014 | D:7      | Found a burning altar of Makhleb.
  6056 | D:7      | Reached skill level 15 in Maces & Flails
  6113 | D:7      | Noticed Joseph
  6124 | D:7      | Killed Joseph
  6418 | D:8      | Reached skill level 16 in Maces & Flails
  6544 | D:8      | Reached skill level 1 in Long Blades
  6681 | D:8      | Found a shimmering altar of Xom.
  6769 | D:8      | Found a broken altar of Ashenzari.
  6829 | D:8      | Found an opulent altar of Gozag.
  6855 | D:8      | Reached XP level 10. HP: 58/77 MP: 9/9
  6859 | D:8      | Reached skill level 17 in Maces & Flails
  7077 | D:8      | Found a basalt altar of Yredelemnul.
  7124 | D:9      | Found a glowing golden altar of the Shining One.
  7281 | D:9      | Noticed a two-headed ogre
  7297 | D:8      | Killed a two-headed ogre
  7298 | D:8      | Reached skill level 5 in Long Blades
  7473 | D:9      | Reached skill level 18 in Maces & Flails
  7502 | D:9      | Found an ancient bone altar of Kikubaaqudgha.
  7603 | D:9      | Found a flagged portal.
  7636 | Bailey   | Entered a bailey
  7820 | Bailey   | Noticed an orc knight
  7820 | Bailey   | Noticed an orc knight
  7830 | Bailey   | Killed an orc knight
  7846 | Bailey   | Killed an orc knight
  7847 | Bailey   | Reached XP level 11. HP: 18/82 MP: 10/10
  7847 | Bailey   | Reached ***** piety under Trog
  8124 | Bailey   | Found an iron altar of Okawaru.
  8125 | Bailey   | Noticed an orc high priest
  8138 | Bailey   | Reached skill level 19 in Maces & Flails
  8147 | Bailey   | Killed an orc high priest
  8596 | D:9      | Found a runed translucent door.
  8597 | D:9      | Noticed mandor's ghost (journeyman GnWr)
  8632 | D:9      | Killed mandor's ghost
  8725 | D:10     | Entered Level 10 of the Dungeon
  8953 | D:10     | Reached skill level 20 in Maces & Flails
  9001 | D:10     | Noticed Grum
  9021 | D:10     | Killed Grum
  9050 | D:10     | Found a staircase to the Lair.
  9071 | D:10     | HP: 4/82 [centaur warrior zombie (6)]
  9076 | D:10     | HP: 2/82 [poisoned by a water moccasin]
  9087 | D:10     | HP: 2/82 [centaur warrior zombie (9)]
  9091 | D:10     | Slain by a centaur warrior zombie

Illustrated notes

Levels and vault maps discovered:
D:1:      nicolae_arrival_kraken_aquarium_a, layout_basic
D:2:      layout_basic, hellmonk_ecumenical_altar_watching_god, uniq_jessica
D:3:      cheibrodos_fertilizer, layout_basic, nicolae_dithmenos_the_darkroom,
          eat_drink_and_be_merry_uskayaw
D:4:      layout_loops_ring, nicolae_vehumet_radiance,
          ebering_dispersal_statue_hall
D:5:      layout_gridville, pdpol_wu_jian_five_deadly_venoms, kennysheep_boxes,
          uniq_grinder
D:6:      minmay_spotlight, layout_loops_corners,
          minmay_temple_entry_enclosed_plants, gammafunk_ghost_grave
D:7:      layout_basic, mainiacjoe_overflow_paths, mainiacjoe_overflow_alcove_1,
          lemuel_coloured_pillars_altar, uniq_joseph
D:8:      layout_rooms, mainiacjoe_overflow_brackets,
          mainiacjoe_overflow_alcove_4, dk_xom_monty_hall, kennysheep_mini,
          st_stairs_7
D:9:      layout_gridville, tso_altar, kennysheep_mini_moat,
          lightli_bailey_entry_fortress, ebering_ghost_reflecting_pool,
          hangedman_decor_push
D:10:     layout_loops_ring, minmay_lair_entry_grove, blue_anna_alchemist,
          uniq_sonja, uniq_grum

Skill      XL: |  1  2  3  4  5  6  7  8  9 10 11 |
---------------+----------------------------------+-----
Maces & Flails | 4 5 6 7 8 9 11 14 16 18 20 | 20.2
Long Blades    | 2 6 9 |  9.2
Fighting       | |  3.6
Armour         | |  2.4
Dodging        | |  2.1

Action                   |  1- 3 |  4- 6 |  7- 9 | 10-12 || total
-------------------------+-------+-------+-------+-------++-------
Melee: Mace              |    52 |   124 |    34 |       ||   210
       Headbutt          |     4 |    17 |    46 |    55 ||   122
       Punch             |       |     1 |     6 |     1 ||     8
       Flail             |       |       |   245 |   391 ||   636
Invok: Berserk           |     1 |     2 |    10 |     9 ||    22
Evoke: Wand              |       |       |       |     1 ||     1
  Use: Scroll            |     8 |     3 |     7 |     3 ||    21
       Potion            |       |       |     2 |     1 ||     3
 Stab: Sleeping          |     2 |       |       |       ||     2
Armor: Animal skin       |    12 |       |       |       ||    12
       Scale mail        |       |    24 |       |       ||    24
       Leather armour    |       |    23 |    30 |       ||    53
       Plate armour      |       |       |    97 |   145 ||   242
Dodge: Dodged            |    44 |    51 |    94 |   156 ||   345
Block: Kite shield       |       |       |       |    29 ||    29
